 Dungeon Crawl Stone Soup version 0.24.0-2-g5b39cebb1c (webtiles) character file.

Game seed: 17491545391919771213, levelgen mode: deterministic

31 Arum the Skirmisher (level 3, 0/29 HPs)
             Began as a Demonspawn Monk on Oct 31, 2019.
             Slain by a worm (8 damage)
             ... on level 2 of the Dungeon.
             The game lasted 00:01:19 (1175 turns).

Arum the Skirmisher (Demonspawn Monk)               Turns: 1175, Time: 00:01:20

Health: 0/29       AC:  4    Str: 12    XL:     3   Next: 7%
Magic:  3/3        EV: 13    Int: 11    God:
Gold:   86         SH:  0    Dex: 15    Spells: 2/2 levels left

rFire    + . .     SeeInvis .     - Unarmed
rCold    + . .     Gourm    .   (no shield)
rNeg     . . .     Faith    .   a - +0 robe
rPois    .         Spirit   .   (no helmet)
rElec    .         Reflect  .   i - scarf {rC+ rF+}
rCorr    +         Harm     .   (no gloves)
MR       .....                  (no boots)
Stlth    ++........             (no amulet)
HPRegen  0.09/turn              n - ring of resist corrosion
MPRegen  0.08/turn              (no ring)

@: no status effects
A: talons 1, icy blue scales 1
a: no special abilities


You were on level 2 of the Dungeon.
You were not hungry.

You visited 1 branch of the dungeon, and saw 2 of its levels.

You collected 86 gold pieces.

Inventory:

Armour
 a - a +0 robe (worn)
 d - a scarf of spirit shield
 i - a scarf of resistance (worn)
Jewellery
 n - a ring of resist corrosion (left hand)
 p - an uncursed ring of ice
Scrolls
 c - a scroll of amnesia {unknown}
 h - 3 scrolls of identify {unknown}
 m - a scroll of enchant armour {unknown}
 o - 2 scrolls of teleportation {unknown}
Potions
 e - 2 potions of curing {unknown}
 f - a potion of might {unknown}
 g - a potion of flight {unknown}
 j - 2 potions of heal wounds {unknown}
 k - a potion of lignification {unknown}
 l - a potion of berserk rage {unknown}
Comestibles
 b - 4 rations


   Skills:
 + Level 3.4 Fighting
 + Level 3.1 Dodging
 - Level 1.7 Stealth
 + Level 3.1 Unarmed Combat


You had 2 spell levels left.
You didn't know any spells.
Your spell library was empty.

Dungeon Overview and Level Annotations

Branches:
Dungeon (2/15)

Altars:


Innate Abilities, Weirdness & Mutations

You have sharp toenails.
You are partially covered in icy blue scales. (AC +2)


Message History

You are too injured to fight recklessly!
You are too injured to fight recklessly!
You are too injured to fight recklessly!
You are too injured to fight recklessly!
You are too injured to fight recklessly!
You are too injured to fight recklessly!
You are too injured to fight recklessly!
You hit the worm. You claw the worm, but do no damage.
The worm is heavily wounded.
You hit the kobold.
The kobold is severely wounded.
The kobold barely misses you. The worm misses you.
You closely miss the kobold.
The kobold is severely wounded.
The kobold barely misses you.
The kobold throws a stone.
The stone hits you but does no damage.
You hit the worm.
The worm is severely wounded.
The worm bites you!
You die...

#..>.......#..##)###
#..........#...#.#.#
#............####).#
#.....(....#.#..)...
#.....(....#....#...
#.....((...#....+...
#...(..†...######...
###..(.##### #...
########@..#......
#...
..$...Kw(.##......
#... ..........#
...... #...
..................
#..
..................
#...
..................
#...
..........###### ...
########'## ... #.#
...


You could see a worm and a kobold.

Vanquished Creatures
  A leopard gecko (D:1)
  A giant cockroach (D:1)
  4 goblins
  10 hobgoblins
  4 kobolds
  3 bats
  A frilled lizard (D:2)
  A rat (D:2)
25 creatures vanquished.

Notes
Turn   | Place    | Note
-------+----------+-------------------------------------------
     0 | D:1      | Arum the Demonspawn Monk began the quest for the Orb.
     0 | D:1      | Reached XP level 1. HP: 18/18 MP: 1/1
   128 | D:1      | Gained mutation: You are partially covered in icy blue
                  | scales. (AC +2) [demonic ancestry]
   128 | D:1      | Reached XP level 2. HP: 20/24 MP: 0/2
  1155 | D:2      | Gained mutation: You have sharp toenails. [demonic
                  | ancestry]
  1155 | D:2      | Reached XP level 3. HP: 24/29 MP: 3/3
  1175 | D:2      | Slain by a worm

Levels and vault maps discovered:
D:1:      dpeg_arrival_another_circle, layout_loops_ring
D:2:      layout_basic, nicolae_tso_swordbearing_angel, lemuel_round_altar,
          minmay_octomino_j4

Skill      XL: |  1  2 |
---------------+-------+-----
Unarmed Combat | 3 |  3.1
Dodging        | 3 |  3.1
Fighting       | |  3.4
Stealth        | |  1.7

Action                   || total
-------------------------++-------
Melee: Unarmed           ||   111
       Punch             ||     2
       Kick              ||     2
 Stab: Sleeping          ||     2
  Eat: Chunk             ||     1
Armor: Robe              ||    22
Dodge: Dodged            ||    73
